 Dungeon Crawl Stone Soup version 0.31-a0-345-g1ebeae05c6 (webtiles) character file.

Game seed: 4565301042717008126

1693651 Shard1697 the Draconian of Death (level 25, 212/213 HPs)
             Began as a Black Draconian Necromancer on July 22, 2023.
             Was the Champion of Ru.
             Escaped with the Orb
             ... and 3 runes!
             The game lasted 02:36:08 (67720 turns).

Shard1697 the Draconian of Death (DrNe)            Turns: 67720, Time: 02:36:09

Health: 212/213    AC: 27    Str: 12      XL:     25   Next: 54%
Magic:  44/44      EV: 26    Int: 26 (27) God:    Ru [******]
Gold:   1901       SH: 20    Dex: 24      Spells: 14/57 levels left

rFire   + + +        a - +9 demon blade (freeze)
rCold   + . .        P - +5 kite shield "Ipobb" {rF+}
rNeg    + . .        (body armour unavailable)
rPois   +            I - +3 hat of Pondering {ponderous, Will+ MP+10 Int+5}
rElec   +            v - +2 cloak {rC+}
rCorr   .            f - +2 pair of gloves
SInv    .            q - +5 pair of boots of the Burning Gods {rF+ Dex+2}
Will    ++...        s - amulet of Beemit {Spirit Int+3} Stlth
                     t - +4 ring of slaying
HPRegen 0.55/turn    J - ring of Fragile Peace {rPois rF+ rN+ Dex+3}
MPRegen 0.29/turn

%: guardian spirit
@: flying, studying Staves, slow
A: breathe lightning, AC +12, unfitting armour, big wings, low MP 2, electricity
resistance, cold-blooded, no stealth, inability to use devices, no poison magic,
no summoning magic, no transmutations magic, inexperienced 1, no forms, claws 1,
agile 1, deterioration 1, dopey 1, subdued magic 2
0: Orb of Zot
}: 3/15 runes: decaying, serpentine, silver
a: Breathe Lightning, Renounce Religion, Draw Out Power, Power Leap, Apocalypse


You escaped.
You worshipped Ru.
Ru was exalted by your worship.
You visited 10 branches of the dungeon, and saw 48 of its levels.
You visited 1 bazaar.
You also visited: Bailey, Ice Cave and Wizlab.

You collected 7695 gold pieces.
You spent 5794 gold pieces at shops.

Inventory:

Hand Weapons
 a - a +9 demon blade of freezing (weapon)
 b - the +8 short sword of the Scorching Gods {heavy, rElec rN+ Will+ Str+2}
   (You found it on level 2 of the Dungeon)

   Str:       It affects your strength (+2).
   rElec:     It insulates you from electricity.
   rN:        It protects you from negative energy.
   Will:      It increases your willpower.
 N - a +7 demon blade of electrocution
 O - the +6 arbalest "Damnation" {damnation}
   (You found it on level 3 of the Vaults)
 R - the +8 lance "Wyrmbane" {slay drac, rPois rF+ rC+ AC+3}
   (You took it off a deep elf demonologist on level 3 of the Elven Halls)

   AC:        It affects your AC (+3).
   rF:        It protects you from fire.
   rC:        It protects you from cold.
   rPois:     It protects you from poison.
Armour
 f - a +2 pair of gloves (worn)
 o - a scarf of resistance
 q - the +5 pair of boots of the Burning Gods (worn) {rF+ Dex+2}
   (You acquired it on level 4 of the Dungeon)

   Dex:       It affects your dexterity (+2).
   rF:        It protects you from fire.
 v - a +2 cloak of cold resistance (worn)
 D - a +4 kite shield of positive energy
 I - the +3 hat of Pondering (worn) {ponderous, Will+ MP+10 Int+5}
   (You took it off Gastronok on level 1 of the Lair of Beasts)

   Int:       It affects your intelligence (+5).
   MP:        It affects your magic capacity (+10).
   Will:      It increases your willpower.
 L - the +0 hat of Sin {rN+ Dex+3}
   (You acquired it on level 3 of the Swamp)

   Dex:       It affects your dexterity (+3).
   rN:        It protects you from negative energy.
 P - the +5 kite shield "Ipobb" (worn) {rF+}
   (You took it off Donald on level 3 of the Vaults)

   rF:        It protects you from fire.
Jewellery
 c - the ring of the Mage {Wiz Archmagi}
   (You bought it in a shop on level 4 of the Depths)

   [ring of wizardry]

   It improves your spell success rate.
   Archmagi:  It increases the power of your magical spells.
 s - the amulet of Beemit (around neck) {Spirit Int+3}
   (You took it off a deep elf demonologist on level 4 of the Vaults)

   [amulet of guardian spirit]

   It causes incoming damage to be divided between your reserves of health and
   magic.
   Int:       It affects your intelligence (+3).
 t - a +4 ring of slaying (left hand)
 J - the ring of Fragile Peace (right hand) {rPois rF+ rN+ Dex+3}
   (You bought it in a shop on level 2 of the Snake Pit)

   [ring of positive energy]

   Dex:       It affects your dexterity (+3).
   rF:        It protects you from fire.
   rPois:     It protects you from poison.
   rN:        It protects you from negative energy.
 K - a ring of resist corrosion
 Q - the ring "Joorphul" {+Blink Str+6 SInv}
   (You acquired it on level 3 of the Vaults)

   [ring of see invisible]

   Str:       It affects your strength (+6).
   SInv:      It lets you see invisible.
   +Blink:    It lets you blink.
 T - a ring of the Octopus King {HP+2 MP+9 AC+2 EV+2 SH+2}
   (You took it off a hell knight on level 2 of the Depths)

   [ring of magical power]

   AC:        It affects your AC (+2).
   EV:        It affects your evasion (+2).
   HP:        It affects your health (+2).
   MP:        It affects your magic capacity (+9).
   SH:        It affects your SH (+2).
Scrolls
 u - 3 scrolls of brand weapon
 x - 22 scrolls of teleportation
 y - 5 scrolls of blinking
 z - 9 scrolls of fog
 A - 13 scrolls of fear
 B - 32 scrolls of identify
 C - 4 scrolls of silence
 G - 6 scrolls of poison
 M - 3 scrolls of amnesia
Potions
 d - a potion of might
 e - 22 potions of curing
 g - a potion of magic
 h - 2 potions of resistance
 i - 3 potions of mutation
 l - 6 potions of enlightenment
 m - 10 potions of brilliance
 n - 5 potions of cancellation
 p - 10 potions of heal wounds
 r - 6 potions of lignification
 E - 6 potions of attraction
 H - 2 potions of ambrosia
 S - a potion of berserk rage


   Skills:
 - Level 22.8 Fighting
 - Level 3.7(11.7) Short Blades
 - Level 17.0(17.2) Long Blades
 - Level 17.3 Dodging
 - Level 15.0 Shields
 + Level 16.7 Spellcasting
 O Level 27 Necromancy
 - Level 5.0 Translocations
 - Level 4.0 Earth Magic


You had 14 spell levels left.
You knew the following spells:

 Your Spells              Type           Power      Damage    Failure   Level
b - Anguish               Hex/Necr       27%        N/A       1%          4
c - Blink                 Tloc           58%        N/A       1%          2
d - Lesser Beckoning      Tloc           58%        N/A       1%          2
e - Vampiric Draining     Necr           79%        2d11      0%          3
f - Borgnjor's Vile Clut  Necr/Erth      29%        N/A       1%          5
g - Death Channel         Necr           39%        N/A       0%          6
h - Death's Door          Necr           39%        N/A       4%          9
t - Animate Dead          Necr           79%        N/A       0%          4
y - Borgnjor's Revivific  Necr           39%        N/A       1%          8

Your spell library contained the following spells:

 Spells                   Type           Power      Damage    Failure   Level
 Necrotise                Necr           100%       1d9       0%          1
 Sublimation of Blood     Necr           79%        N/A       0%          2
 Agony                    Necr           79%        N/A       0%          5
 Sandblast                Erth           52%        2d12      1%          1
 Momentum Strike          Conj/Tloc      42%        3d9       1%          2
 Gell's Gravitas          Tloc           29%        N/A       1%          3
 Teleport Other           Tloc           29%        N/A       1%          3
 Foxfire                  Conj/Fire      52%        2x1d6     2%          1
 Freeze                   Ice            52%        1d6       2%          1
 Shock                    Conj/Air       52%        1d6       2%          1
 Vhi's Electric Charge    Tloc/Air       42%        N/A       2%          3
 Volatile Blastmotes      Fire/Tloc      42%        2d13      2%          3
 Stone Arrow              Conj/Erth      40%        3d9       3%          3
 Manifold Assault         Tloc           29%        N/A       3%          4
 Ensorcelled Hibernation  Hex/Ice        26%        N/A       4%          2
 Frozen Ramparts          Ice            26%        1d4       9%          3
 Hailstorm                Conj/Ice       13%        3d5       9%          3
 Ozocubu's Armour         Ice            13%        N/A       9%          3
 Swiftness                Air            13%        N/A       9%          3
 Iskenderun's Mystic Bla  Conj/Tloc      21%        2d6       11%         4
 Leda's Liquefaction      Hex/Erth       10%        N/A       13%         4
 Lee's Rapid Deconstruct  Erth           13%        3d9*      17%         5
 Airstrike                Air            6%         2d(1-17)  32%         4
 Cause Fear               Hex            6%         N/A       32%         4
 Flame Wave               Conj/Fire      13%        2d6       32%         4
 Fulminant Prism          Conj/Hex       6%         3d7       32%         4
 Sticky Flame             Conj/Fire      13%        2d4       32%         4
 Dispersal                Tloc           14%        N/A       56%         6
 Arcjolt                  Conj/Air       6%         1d16      69%         5
 Freezing Cloud           Conj/Ice/Air   6%         6-21      69%         5
 Metabolic Englaciation   Hex/Ice        6%         N/A       69%         5
 Leda's Unmaking          Conj/Erth      10%        9d2       94%         6
 Plasma Beam              Fire/Air       6%         2x1d17    99%         6
 Starburst                Conj/Fire      6%         6d4       99%         6
 Enfeeble                 Hex            6%         N/A       100%        7
 Ozocubu's Refrigeration  Ice            6%         4d8       100%        7
 Discord                  Hex            6%         N/A       100%        8
 Disjunction              Tloc           14%        N/A       100%        8
 Ignition                 Fire           6%         3d4       100%        8
 Cigotuvi's Dreadful Rot  Necr/Pois/Air  Unusable   N/A       N/A         2
 Passwall                 Tmut/Erth      Unusable   N/A       N/A         2
 Wereblood                Tmut           Unusable   N/A       N/A         2
 Ignite Poison            Fire/Tmut/Pois Unusable   N/A       N/A         3
 Haunt                    Necr/Summ      Unusable   N/A       N/A         7
 Petrify                  Tmut/Erth      Unusable   N/A       N/A         4
 Olgreb's Toxic Radiance  Pois           Unusable   N/A       N/A         4
 Summon Hydra             Summ           Unusable   N/A       N/A         7

Dungeon Overview and Level Annotations

Branches:
Dungeon (15/15)            Temple (1/1) D:7            Lair (5/5) D:9
  Swamp (4/4) Lair:2        Snake (4/4) Lair:2        Slime (0/5) Lair:4
    Orc (2/2) D:11            Elf (3/3) Orc:2        Vaults (5/5) D:14
  Crypt (0/3) Vaults:2     Depths (4/4) D:15            Zot (5/5) Depths:4
 Bailey (visited)           IceCv (visited)          WizLab (visited)

Altars:
Ashenzari
Cheibriados
Dithmenos
Elyvilon
Fedhas
Gozag
Hepliaklqana
Kikubaaqudgha
Makhleb
Nemelex Xobeh
Okawaru
Qazlal
Ru
Sif Muna
Trog
Uskayaw
Vehumet
Wu Jian
Xom
Yredelemnul
Zin
The Shining One
Jiyva

Shops:
D:4 (   D:9 (   Orc:2 [*[:?[([   Elf:1 [((*   Elf:2 ?   Snake:2 =   Snake:3 *
Snake:4 ?[[[*   Depths:1 ?[*   Depths:4 ==

Portals:
Hell: Depths:1 Depths:2 Depths:3 Depths:4
Abyss: D:10 Depths:3
Pandemonium: Depths:2
Ziggurat: Depths:1

Annotations:
D:6 1 runed translucent door, Pooter's ghost, novice MiMo
D:9 4 transporters
D:10 2 transporters, bmack86's ghost, novice MiFi
D:15 3 runed translucent doors, Xiynir's ghost, adept VSSh
Temple 2 transporters
Lair:5 2 transporters, exclusion: ice statue, freelancePsychic's ghost, journeyman DgSh
Depths:3 4 transporters


Innate Abilities, Weirdness & Mutations

You can breathe wild blasts of lightning.
Your glossy black scales are hard. (AC +12)
You cannot fit into any form of body armour.
Your large and strong wings let you fly.
Your magical capacity is very low. (-20% MP)
You are resistant to electric shocks. (rElec)
You are cold-blooded and may be slowed by cold attacks.
You cannot be stealthy.
You cannot study or use magical devices.
You cannot study or cast Poison magic.
You cannot study or cast Summoning magic.
You cannot study or cast Transmutations magic.
You are somewhat inexperienced. (-1 XL)
You cannot voluntarily change form.
You have sharp fingernails.
You are agile. (Dex +4, Str/Int -1)
Your body sometimes deteriorates upon taking damage.
You are dopey. (Int -2)
Your spells are easier to cast, but less powerful.


Message History

You feel strangely unstable.
You feel the Orb delaying your translocation!
You block the ufetubus's attack. The ufetubus completely misses you.
The ufetubus attacks as you move away! You block the ufetubus's attack. x2
You block the ufetubus's attack. The ufetubus misses you.
The ufetubus attacks as you move away!
The ufetubus is stunned by your conviction and fails to attack.
You block the ufetubus's attack. x2
The ufetubus attacks as you move away! You block the ufetubus's attack. x2
You redirect the ufetubus's attack!
The ufetubus hits itself.
The ufetubus barely misses itself.
You block the ufetubus's attack. x2
The ufetubus attacks as you move away! You block the ufetubus's attack. x2
The ufetubus completely misses you. x2
Your surroundings suddenly seem different.
A red devil comes into view. It is wielding a +0 trident.
Things that are here:
a +0 whip; a +0 club A hellion comes into view.
The hellion gestures at you.
The sphere of damnation explodes!
The damnation engulfs you!!
You redirect the hellion's attack!
There is a stone staircase leading up, spattered with blood here.
The hellion gestures at you.
The sphere of damnation explodes!
The damnation engulfs you!!
You focus your inner power and paralyse the hellion in retribution!
You fly upwards.
There is a stone staircase leading down here.
There is a stone staircase leading up here.
You start resting.
Magic restored.
You start resting.
An Ice Fiend comes into view.
You fly upwards.
There is a stone staircase leading down here.
There is a stone staircase leading up here.
You fly upwards.
There is a stone staircase leading down here.
There is a staircase leading out of the dungeon here.
You have escaped!

#.# #.# #.# #.#
#.# #.#
##.###############
...........#.....#
##########......@#
##.§...># #§§....#
########


There were no monsters in sight!

Vanquished Creatures
  2 pandemonium lords
  2 dread liches (Zot:5)
  4 orbs of fire
  An ancient lich (Vaults:5)
  A juggernaut (D:15)
  2 Killer Klowns (Zot:5)
  Bai Suzhen (Elf:3)
  A curse toe (Zot:5)
  2 caustic shrikes (Depths:3)
  6 golden dragons
  2 bone dragons
  2 electric golems
  6 tentacled monstrosities
  Zenata (Vaults:4)
  A walking earthen tome (Depths:1)
  3 liches
  14 Orb Guardians
  A titan (Depths:2)
  3 deep elf blademasters
  2 deep elf master archers (Elf:3)
  3 quicksilver dragons
  An Ice Fiend (Depths:3)
  A walking frostbound tome (Depths:4)
  A kraken (Swamp:3)
  Agnes (Snake:2)
  3 sphinxes
  An Executioner (D:15)
  A thorn hunter (Swamp:2)
  4 storm dragons
  4 death cobs
  5 tengu reavers
  The ghost of Kemp the Severer, an adept MiMo of Ashenzari (Snake:4)
  4 shadow dragons
  Donald (Vaults:3)
  A draconian monk (Zot:4)
  A fenstrider witch (Swamp:4)
  A fire giant (shapeshifter) (Vaults:5)
  2 nagarajas
  3 draconian knights
  11 fire giants
  6 frost giants
  4 deep elf sorcerers
  5 draconian scorchers
  An iron dragon (Depths:1)
  2 ghost moths
  17 vault wardens
  Louise (Swamp:2)
  2 balrugs
  6 deep elf elementalists
  A draconian stormcaller (Zot:5)
  An orc warlord (Vaults:4)
  7 ironbound preservers
  A cacodemon (Depths:2)
  4 draconian shifters
  10 very ugly things
  2 demonspawn blood saints (D:12)
  3 spriggan defenders
  3 draconian annihilators
  A formless jellyfish (Vaults:3)
  A war gargoyle (Vaults:5)
  3 black draconians
  4 ironbound thunderhulks
  3 vampire knights
  A bunyip (shapeshifter) (Vaults:5)
  A lorocyproca (Depths:3)
  13 stone giants
  An eleionoma (Swamp:1)
  8 deep elf demonologists
  3 red draconians
  4 white draconians
  3 green draconians
  5 purple draconians
  A minotaur (shapeshifter) (Depths:3)
  6 deep elf annihilators
  15 dire elephants
  13 spark wasps
  8 yellow draconians
  5 bunyips
  13 ettins
  Snorg (D:12)
  8 deep elf death magi
  A deep elf high priest (Elf:3)
  2 entropy weavers
  10 great orbs of eyes
  7 fire dragons
  A shambling mangrove (Swamp:4)
  15 yaktaur captains
  A salamander tyrant (Snake:2)
  4 rakshasas
  8 hydras
  2 ghost crabs (Swamp:4)
  A hell beast (Depths:1)
  5 anacondas
  10 ice dragons
  30 vault guards
  2 spriggan air magi
  An alligator (shapeshifter) (D:15)
  An ogre mage (Vaults:4)
  A death knight (D:15)
  A boulder beetle (D:12)
  5 centaur warriors
  7 ironbound frosthearts
  28 dancing weapons
  3 deep troll shamans
  7 naga warriors
  3 two-headed ogres
  3 alligators
  A hell hog (Depths:1)
  6 death yaks
  3 naga sharpshooters
  8 deep troll earth magi
  8 tengu warriors
  2 vampire magi
  An orc high priest (Orc:2)
  2 shock serpents (Snake:4)
  9 spriggan berserkers
  A hell knight (Depths:2)
  A soul eater (Depths:1)
  3 sun demons (Depths:2)
  9 deep elf knights
  2 salamander mystics
  4 sea snakes (Snake:4)
  13 skeletal warriors
  3 skysharks
  2 spriggan riders (Depths:3)
  2 goliath frogs
  5 iron trolls
  2 spriggan druids (Swamp:3)
  29 deep trolls
  2 glowing orange brains (Depths:1)
  2 bog bodies
  4 flayed ghosts
  2 naga ritualists
  3 wizards
  2 spectral hydras (Swamp:4)
  10 orc knights
  8 phantasmal warriors
  7 deep elf archers
  8 lindwurms
  5 swamp dragons
  8 ironbound convokers
  A harpy (Vaults:1)
  33 deep elf pyromancers
  13 deep elf zephyrmancers
  5 necromancers
  7 mana vipers
  24 ugly things
  A human zombie (Vaults:4)
  An orc sorcerer (Elf:1)
  7 salamanders
  2 cyclopes
  5 manticores
  2 human skeletons (Vaults:4)
  12 moths of wrath
  5 elephants (Lair:3)
  An eye of devastation (shapeshifter) (Vaults:4)
  5 guardian serpents
  A moth of wrath (shapeshifter) (Vaults:5)
  2 ice statues
  15 vault sentinels
  18 black mambas
  10 naga magi
  5 torpor snails
  A gargoyle (D:12)
  An unseen horror (D:11)
  9 cane toads
  A spriggan zombie (D:15)
  5 freezing wraiths
  A komodo dragon (shapeshifter) (Elf:2)
  28 yaktaurs
  2 kobold demonologists
  A tengu conjurer (Depths:2)
  An anaconda simulacrum (IceCv)
  5 komodo dragons
  A guardian mummy (D:14)
  2 hydra zombies (Swamp:4)
  7 trolls
  A hellwing (Depths:2)
  15 ice devils
  A meliai (D:13)
  A polar bear (shapeshifter) (Elf:2)
  21 hornets
  7 tyrant leeches
  3 alligator zombies (Swamp:4)
  A snapping turtle (shapeshifter) (Vaults:4)
  19 blink frogs
  3 spectral swamp dragons (Swamp:4)
  12 spriggans
  24 slime creatures
  5 wraiths
  2 spriggan skeletons
  Sigmund (D:3)
  2 wyverns
  34 yaks
  3 shadows
  6 fire elementals
  2 ynoxinuls (D:11)
  A dire elephant simulacrum (IceCv)
  2 air elementals
  2 basilisks
  A steam dragon (D:7)
  3 death yak simulacra (IceCv)
  2 redbacks (Vaults:4)
  11 vampire mosquitoes
  2 neqoxecs
  4 harpy simulacra (IceCv)
  15 swamp worms
  8 wargs
  22 nagas
  17 water moccasins
  3 hydra simulacra (IceCv)
  A swamp drake (shapeshifter) (Vaults:5)
  Duvessa (D:4)
  2 floating eyes (Depths:2)
  A sky beast (shapeshifter) (D:14)
  4 swamp dragon zombies (Swamp:4)
  36 orc warriors
  An ice beast (D:6)
  6 ogres
  3 swamp drakes (Swamp:4)
  5 black bears
  A sky beast (D:6)
  5 centaurs
  6 wolves
  2 boggarts (Vaults:3)
  5 phantoms
  A kobold brigand (D:8)
  10 bullfrogs
  3 cane toad simulacra (IceCv)
  2 two-headed ogre simulacra (IceCv)
  A scorpion (D:4)
  2 wights (D:9)
  Dowan (D:4)
  4 troll zombies (D:11)
  5 elephant simulacra (IceCv)
  8 killer bees
  2 electric eels
  3 howler monkeys
  3 small abominations (WizLab)
  3 crimson imps (Depths:2)
  4 hounds
  5 jellies
  5 iguanas
  13 orc priests
  Jessica (D:1)
  Natasha (D:3)
  A sleepcap (D:8)
  18 orc wizards
  3 hell rats (Lair:4)
  3 spectral swamp drakes (Swamp:4)
  2 spriggan simulacra (IceCv)
  4 polar bear simulacra (IceCv)
  5 wolf simulacra (IceCv)
  3 ogre zombies (D:11)
  Robin (D:4)
  3 gnolls (Bailey)
  11 adders
  A naga simulacrum (IceCv)
  A shadow imp (D:8)
  A white imp (IceCv)
  An ufetubus (D:5)
  A worm (shapeshifter) (Vaults:5)
  2 worms
  2 dart slugs
  69 orcs
  6 endoplasms
  5 giant cockroaches
  9 hobgoblins
  2 jackals
  7 quokkas
  6 ball pythons
  8 bats
  2 frilled lizards
  28 goblins
  A goblin skeleton (D:11)
  A goblin zombie (D:11)
  2 hobgoblin zombies (D:11)
  10 kobolds
  An orc skeleton (D:11)
  12 orc zombies (D:11)
  2 rats (D:1)
1526 creatures vanquished.

Vanquished Creatures (collateral kills)
  An ancient lich (Zot:5)
  Mara (Swamp:4)
  2 Killer Klowns (Zot:5)
  A curse toe (Zot:5)
  7 caustic shrikes
  the Enchantress (Depths:1)
  An electric golem (Zot:5)
  4 tentacled monstrosities
  A lich (Depths:2)
  13 Orb Guardians
  A walking frostbound tome (Depths:4)
  A quicksilver dragon (Zot:5)
  Gastronok (Lair:1)
  2 sphinxes
  Kirke (D:12)
  3 tengu reavers
  A thorn hunter (Swamp:3)
  2 draconian monks
  4 storm dragons
  2 shadow dragons
  7 nagarajas
  2 fire giants
  5 frost giants
  2 deep elf sorcerers
  A vault warden (Vaults:4)
  A deep elf elementalist (Elf:3)
  2 draconian annihilators (Zot:5)
  2 very ugly things
  A ghost moth (Zot:5)
  8 ironbound preservers
  2 vampire knights
  3 eleionomae
  3 ironbound thunderhulks (Vaults:2)
  A black draconian (Zot:5)
  2 deep elf annihilators (Elf:3)
  8 dire elephants
  3 stone giants
  3 red draconians
  6 yellow draconians
  A bunyip (Swamp:1)
  4 spark wasps
  5 purple draconians
  4 ettins
  A blizzard demon (Depths:2)
  2 deep elf death magi
  A quicksilver dragon zombie (Depths:1)
  Josephine (D:12)
  A spriggan zombie (D:15)
  2 deep elf high priests
  4 fire dragons
  A shambling mangrove (Swamp:2)
  An entropy weaver (Vaults:2)
  3 yaktaur captains
  3 ice dragons (Depths:3)
  2 rakshasas
  15 vault guards
  A hydra (Swamp:1)
  An ironbound frostheart (Vaults:4)
  4 centaur warriors (D:13)
  2 spriggan air magi
  3 alligators
  A jorogumo (shapeshifter) (Depths:4)
  4 deep troll shamans
  3 dancing weapons (Elf:2)
  A boulder beetle (D:12)
  7 naga warriors
  A vampire mage (Depths:2)
  A death yak (Lair:2)
  2 spriggan berserkers (Depths:2)
  3 deep troll earth magi (Depths:2)
  5 naga sharpshooters
  5 shock serpents
  Sonja (D:13)
  A shock serpent (shapeshifter) (Vaults:3)
  2 sea snakes (Snake:4)
  A shadow wraith (Vaults:5)
  A skyshark (Lair:5)
  A death drake (Swamp:4)
  4 iron trolls
  20 deep trolls
  3 spriggan druids
  A skeletal warrior (D:15)
  2 goliath frogs
  A swamp dragon (Swamp:4)
  A flayed ghost (Vaults:5)
  A spriggan rider (Depths:2)
  6 bog bodies
  3 naga ritualists
  3 glowing orange brains
  2 deep elf archers (Elf:2)
  2 tengu zombies
  4 ironbound convokers
  4 deep elf zephyrmancers
  2 orc knights
  A phantasmal warrior (Vaults:3)
  2 wizards
  A shadow dragon skeleton (Depths:1)
  2 deep elf pyromancers
  2 ugly things (Vaults:1)
  A fire giant zombie (D:15)
  2 cyclopes
  4 elephants (Lair:3)
  5 will-o-the-wisps
  8 salamanders
  4 guardian serpents (Snake:4)
  6 black mambas
  6 vault sentinels
  2 torpor snails (Lair:5)
  A smoke demon (Depths:2)
  4 naga magi
  6 cane toads
  4 rime drakes
  A cane toad (shapeshifter) (D:14)
  23 yaktaurs
  A tengu conjurer (Depths:2)
  A freezing wraith (Vaults:5)
  A hydra zombie (Swamp:4)
  4 komodo dragons
  2 tyrant leeches
  3 meliai (D:13)
  A bloated husk (Swamp:3)
  8 hornets
  12 blink frogs
  4 alligator zombies (Swamp:4)
  8 spriggans
  10 slime creatures
  2 wraiths
  A wyvern (Lair:5)
  Eustachio (D:6)
  17 yaks
  2 basilisks
  2 redbacks
  3 vampire mosquitoes
  19 nagas
  2 wargs
  6 swamp worms
  4 water moccasins
  7 orc warriors
  A sky beast (D:6)
  2 swamp drakes (Swamp:4)
  A sky beast (shapeshifter) (Vaults:5)
  A boggart (Vaults:3)
  A centaur (D:13)
  2 bullfrogs
  A wight (D:9)
  2 earth elementals
  3 killer bees
  A howler monkey (D:10)
  A crimson imp (Depths:2)
  An orc priest (Vaults:5)
  A jelly (Lair:4)
  2 orc wizards
  A hell rat (Lair:4)
  An ogre zombie (D:11)
  A shadow imp (D:7)
  A white imp (Depths:2)
  15 orcs
  An endoplasm (D:2)
  2 frilled lizards
  A goblin zombie (D:11)
  A hobgoblin skeleton (D:11)
  A hobgoblin zombie (D:11)
  An orc skeleton (D:11)
  4 orc zombies (D:11)
529 creatures vanquished.

Vanquished Creatures (others)
  A shadow dragon (Vaults:3)
  2 fire giants
  A draconian scorcher (Zot:5)
  7 caustic shrike zombies (Depths:3)
  A ghost moth (Zot:5)
  A draconian shifter (Zot:1)
  An ironbound preserver (Vaults:1)
  2 Killer Klown zombies (Zot:5)
  A green draconian (Zot:5)
  A quicksilver dragon zombie (Vaults:5)
  A very ugly thing zombie (Vaults:5)
  A rakshasa (D:14)
  A salamander tyrant (Snake:4)
  2 vault guards
  A hydra (Swamp:4)
  4 Orb Guardian zombies (Zot:5)
  A deep troll shaman (Depths:2)
  A naga warrior (Snake:2)
  A death yak (Lair:3)
  2 storm dragon zombies
  2 deep elf knights
  A salamander mystic (Snake:4)
  A ghost moth zombie (Zot:5)
  A bunyip zombie (Swamp:2)
  A skeletal warrior (D:15)
  A golden dragon zombie (Vaults:2)
  A wizard (Vaults:1)
  A deep elf pyromancer (D:14)
  7 ugly thing zombies
  2 goliath frog zombies (Swamp:2)
  A stone giant zombie (Vaults:5)
  4 frost giant zombies
  2 fire giant zombies (Depths:2)
  4 draconian zombies
  2 shock serpent zombies
  A moth of wrath (Zot:2)
  4 centaur zombies
  4 dire elephant zombies
  A naga mage (Snake:3)
  An orange demon (Depths:2)
  2 death yak zombies (Lair:3)
  3 iron troll zombies (Depths:3)
  A green draconian zombie (Zot:5)
  A purple draconian zombie (Zot:1)
  2 komodo dragons
  5 yellow draconian zombies
  A black draconian zombie (Zot:5)
  2 swamp worm zombies
  An unseen horror (D:13)
  2 yaktaurs
  An ice devil (Depths:2)
  2 redback zombies (Vaults:4)
  2 red draconian zombies (Zot:5)
  3 sea snake zombies (Snake:4)
  4 hydra zombies
  3 bloated husks
  2 blink frogs (Lair:1)
  8 ettin zombies
  A moth of wrath zombie (Zot:2)
  4 ice dragon zombies
  3 fire dragon zombies (Depths:2)
  7 black mamba zombies
  A wyvern (Lair:1)
  9 slime creature zombies
  4 humans (D:12)
  A water elemental (Elf:2)
  A vampire mosquito (Swamp:2)
  A swamp worm (Swamp:3)
  13 deep troll zombies
  14 human zombies
  4 tengu zombies
  A water moccasin (Lair:4)
  An ogre zombie (Vaults:4)
  2 cane toad zombies
  2 elephant zombies (Lair:3)
  8 hornet zombies
  2 manticore zombies
  3 blink frog zombies
  6 naga zombies
  A swamp dragon zombie (Swamp:4)
  32 elf zombies
  A wolf (Lair:2)
  2 centaurs
  A boggart (D:13)
  3 vampire mosquito zombies
  A phantom (Swamp:4)
  2 rime drake zombies
  11 yaktaur zombies
  2 salamander zombies
  2 komodo dragon zombies
  2 water moccasin zombies (Lair:3)
  A polar bear zombie (Elf:2)
  3 warg zombies
  14 spriggan zombies
  11 yak zombies
  A wolf zombie (Lair:3)
  A bullfrog zombie (D:8)
  A hell rat zombie (Lair:4)
  A howler monkey zombie (D:8)
  A swamp drake zombie (Swamp:4)
  An adder zombie (D:5)
  An orc (Vaults:5)
  A hobgoblin (Bailey)
  4 goblin zombies (Bailey)
  33 orc zombies
  18 foxfires
  3 tentacles (Swamp:3)
363 creatures vanquished.

Grand Total: 2418 creatures vanquished

Notes
Turn   | Place    | Note
-------+----------+-------------------------------------------
     0 | D:1      | Shard1697 the Draconian Necromancer began the quest for the
                  | Orb.
     0 | D:1      | Reached XP level 1. HP: 14/14 MP: 3/3
   278 | D:1      | Reached XP level 2. HP: 20/20 MP: 3/5
   961 | D:2      | Noticed Jessica
   968 | D:1      | Killed Jessica
   969 | D:1      | Reached XP level 3. HP: 24/26 MP: 0/7
  1127 | D:1      | Learned a level 3 spell: Vampiric Draining
  1167 | D:2      | Identified the +8 short sword of the Scorching Gods {heavy,
                  | rElec rN+ Will+ Str+2}
  1178 | D:2      | Reached XP level 4. HP: 33/33 MP: 6/8
  1254 | D:2      | Learned a level 4 spell: Animate Dead
  1268 | D:2      | Reached skill level 5 in Necromancy
  1946 | D:3      | Noticed Sigmund
  2171 | D:3      | Noticed Natasha
  2178 | D:3      | Killed Natasha
  2179 | D:3      | Reached XP level 5. HP: 28/38 MP: 10/10
  2263 | D:3      | Reached skill level 1 in Short Blades
  2321 | D:3      | Killed Sigmund
  2322 | D:3      | Reached XP level 6. HP: 45/45 MP: 10/12
  2480 | D:4      | Noticed a water moccasin
  2489 | D:4      | Killed a water moccasin
  2490 | D:4      | Reached skill level 1 in Shields
  2490 | D:4      | Reached skill level 6 in Necromancy
  2827 | D:4      | Noticed Dowan
  2830 | D:4      | Noticed Duvessa
  2843 | D:4      | Your scales start taking on a glossy black colour.
  2843 | D:4      | Reached XP level 7. HP: 48/50 MP: 9/13
  2843 | D:4      | Gained mutation: You are resistant to electric shocks.
                  | (rElec) [Black Draconian growth]
  3102 | D:4      | Gained mutation: You have sharp fingernails. [potion of
                  | mutation]
  3102 | D:4      | Gained mutation: You are dopey. (Int -2) [potion of
                  | mutation]
  3102 | D:4      | Gained mutation: You are agile. (Dex +4, Str/Int -1)
                  | [potion of mutation]
  3108 | D:4      | Killed Duvessa
  3221 | D:4      | Killed Dowan
  3386 | D:4      | Found Vuffapy's Antique Weapon Emporium.
  3395 | D:4      | Bought a glowing long sword for 149 gold pieces
  3414 | D:4      | Noticed Robin
  3449 | D:4      | Killed Robin
  3921 | D:5      | Entered Level 5 of the Dungeon
  3927 | D:4      | Identified a scroll of acquirement
  3927 | D:4      | Acquired the +5 pair of boots of the Burning Gods {rF+
                  | Dex+2}
  4018 | D:5      | Noticed a wraith
  4039 | D:5      | Killed a wraith
  4040 | D:5      | Reached skill level 1 in Long Blades
  4040 | D:5      | Reached skill level 7 in Necromancy
  4152 | D:5      | Reached XP level 8. HP: 56/57 MP: 14/14
  4939 | D:6      | Found a runed translucent door.
  4949 | D:6      | Noticed Pooter's ghost (novice MiMo)
  5007 | D:6      | Noticed Eustachio
  5012 | D:6      | Killed Eustachio
  5013 | D:6      | Reached skill level 5 in Shields
  5013 | D:6      | Reached skill level 8 in Necromancy
  5464 | D:7      | Reached skill level 5 in Long Blades
  5464 | D:7      | Reached XP level 9. HP: 45/62 MP: 11/15
  5768 | D:7      | Found an ancient bone altar of Kikubaaqudgha.
  6086 | D:7      | Found a staircase to the Ecumenical Temple.
  6095 | Temple   | Found a transporter.
  6095 | Temple   | Found a transporter.
  6095 | Temple   | Found a transporter.
  6095 | Temple   | Found a transporter.
  6095 | Temple   | Entered the Ecumenical Temple
  6115 | Temple   | Became a worshipper of Ru the Awakened
  6325 | D:8      | Noticed a kobold demonologist
  6326 | D:8      | Found a sparkling altar of Nemelex Xobeh.
  6326 | D:8      | Found a hazy altar of Hepliaklqana.
  6328 | D:8      | Found a white marble altar of Elyvilon.
  6328 | D:8      | Found a blossoming altar of Fedhas.
  6329 | D:8      | Found a snail-covered altar of Cheibriados.
  6337 | D:8      | Killed a kobold demonologist
  6679 | D:7      | Reached skill level 1 in Fighting
  7018 | D:8      | Reached XP level 10. HP: 70/77 MP: 12/16
  7026 | D:8      | Found a glowing silver altar of Zin.
  7027 | D:8      | Found an opulent altar of Gozag.
  7635 | D:8      | Reached skill level 5 in Fighting
  7647 | D:8      | You are sucked into a shaft and drop 3 floors!
  7779 | D:11     | Noticed a centaur warrior
  7797 | D:11     | Killed a centaur warrior
  7798 | D:11     | Reached skill level 10 in Long Blades
  7939 | D:10     | Entered Level 10 of the Dungeon
  7939 | D:10     | Found a transporter.
  7939 | D:10     | Found a transporter.
  8085 | D:10     | Noticed bmack86's ghost (novice MiFi)
  8127 | D:10     | Gained mutation: You cannot study or cast Poison magic. [Ru
                  | sacrifice]
  8127 | D:10     | Gained mutation: You cannot study or cast Transmutations
                  | magic. [Ru sacrifice]
  8127 | D:10     | Gained mutation: You cannot study or cast Summoning magic.
                  | [Ru sacrifice]
  8127 | D:10     | Reached * piety under Ru
  8189 | D:10     | Found a flagged portal.
  8200 | Bailey   | Entered a bailey
  8774 | Bailey   | Acquired 628 gold pieces
  8800 | Bailey   | Noticed an orc warlord
  8801 | Bailey   | Noticed an orc knight
  8814 | Bailey   | HP: 4/86 [orc warlord/+5 battleaxe (32)]
  9088 | D:9      | Found a staircase to the Lair.
  9091 | D:9      | Found Tiwkob Osho's Weapon Emporium.
  9339 | D:9      | Reached XP level 11. HP: 88/94 MP: 17/17
  9643 | D:9      | Found a transporter.
  9664 | D:9      | Found a transporter.
  9693 | D:9      | Found a transporter.
  9811 | D:9      | Found a transporter.
  9846 | D:9      | Found a shimmering blue altar of Sif Muna.
 10302 | D:10     | Paralysed by a hornet for 2 turns
 10787 | D:10     | Found a one-way gate to the infinite horrors of the Abyss.
 10952 | D:10     | Gained mutation: You cannot be stealthy. [Ru sacrifice]
 10952 | D:10     | Reached ** piety under Ru
 11127 | D:11     | Learned a level 4 spell: Anguish
 11129 | D:11     | Found a staircase to the Orcish Mines.
 11952 | Orc:1    | Entered Level 1 of the Orcish Mines
 12021 | Orc:2    | Entered Level 2 of the Orcish Mines
 12021 | Orc:2    | Found Sabru's Assorted Antiques.
 12025 | Orc:2    | Bought a potion of might for 128 gold pieces
 12055 | Orc:2    | Found Azeheniz's Antique Armour Shop.
 12063 | Orc:2    | Bought a runed kite shield for 195 gold pieces
 12167 | Orc:1    | Noticed an orc high priest
 12188 | Orc:2    | Killed an orc high priest
 12448 | Orc:2    | Reached skill level 10 in Fighting
 12855 | Orc:1    | Gained mutation: You are somewhat inexperienced. (-1 XL)
                  | [Ru sacrifice]
 12855 | Orc:1    | Reached XP level 10. HP: 93/93 MP: 16/16
 12855 | Orc:1    | Reached *** piety under Ru
 13839 | Orc:2    | Found Kuodom's Armour Shop.
 13852 | Orc:2    | Found a staircase to the Elven Halls.
 14263 | Orc:2    | Found Zavecs's Magic Scroll Shop.
 14266 | Orc:2    | Bought 2 scrolls of fear for 112 gold pieces
 14266 | Orc:2    | Bought a scroll of enchant armour for 105 gold pieces
 14266 | Orc:2    | Bought 2 scrolls of identify for 56 gold pieces
 14266 | Orc:2    | Bought a scroll of identify for 28 gold pieces
 14286 | Orc:2    | Noticed an orc knight
 14299 | Orc:2    | Reached XP level 11. HP: 93/99 MP: 17/17
 14543 | Orc:2    | Found Hugouki's Antique Armour Boutique.
 14805 | Orc:2    | Found Kucux's Book Emporium.
 15342 | Orc:2    | Bought a scroll of fear for 128 gold pieces
 15342 | Orc:2    | Bought a scroll labelled FETUAXK UFEWU for 32 gold pieces
 15855 | Orc:2    | Found Paweyrghi's Armour Boutique.
 15855 | Orc:2    | Found Dosoup's Weapon Emporium.
 16145 | Orc:2    | Bought a book of Unlife for 432 gold pieces
 16145 | Orc:2    | Bought a book of Spatial Translocations for 216 gold pieces
 16149 | Orc:2    | Learned a level 2 spell: Blink
 16188 | Orc:2    | Gained mutation: You cannot voluntarily change form. [Ru
                  | sacrifice]
 16188 | Orc:2    | Reached **** piety under Ru
 16471 | Lair:1   | Entered Level 1 of the Lair of Beasts
 16818 | Lair:1   | Reached skill level 9 in Necromancy
 16992 | Lair:1   | Learned a level 5 spell: Borgnjor's Vile Clutch
 17072 | Lair:1   | Reached skill level 1 in Earth Magic
 17169 | Lair:1   | Noticed Gastronok
 17180 | Lair:1   | Killed Gastronok
 17181 | Lair:1   | Reached skill level 5 in Spellcasting
 17287 | Lair:1   | Reached XP level 12. HP: 78/106 MP: 19/19
 17699 | Lair:2   | Reached skill level 10 in Shields
 17987 | Lair:2   | Found a staircase to the Snake Pit.
 18725 | Lair:2   | Found a staircase to the Swamp.
 19159 | Lair:3   | Gained mutation: You cannot study or use magical devices.
                  | [Ru sacrifice]
 19159 | Lair:3   | Reached ***** piety under Ru
 19210 | Lair:3   | Reached skill level 10 in Necromancy
 20625 | Lair:4   | Reached XP level 13. HP: 102/113 MP: 23/23
 20719 | Lair:4   | Reached skill level 11 in Necromancy
 20727 | Lair:4   | Learned a level 6 spell: Death Channel
 20775 | Lair:4   | Reached skill level 1 in Translocations
 20818 | Lair:4   | Found a viscous altar of Jiyva.
 20820 | Lair:4   | Found a staircase to the Slime Pits.
 20820 | Lair:4   | You are sucked into a shaft and drop 1 floor!
 20820 | Lair:5   | Entered Level 5 of the Lair of Beasts
 20835 | Lair:5   | Found a frozen archway.
 20850 | Lair:5   | Found a shimmering altar of Xom.
 20947 | IceCv    | Entered an ice cave
 21694 | IceCv    | Found an ancient bone altar of Kikubaaqudgha.
 21976 | IceCv    | Reached skill level 12 in Necromancy
 22491 | Lair:5   | Gained mutation: Your magical capacity is low. (-10% MP)
                  | [Ru sacrifice]
 22491 | Lair:5   | Reached ****** piety under Ru
 22714 | Lair:5   | Found a transporter.
 22724 | Lair:5   | Found a transporter.
 22728 | Lair:5   | Reached skill level 13 in Necromancy
 22922 | Lair:5   | Noticed freelancePsychic's ghost (journeyman DgSh)
 22984 | Lair:5   | Found a runed translucent door.
 23202 | Lair:5   | Reached skill level 14 in Necromancy
 24688 | D:12     | Noticed Josephine
 24698 | D:12     | Killed Josephine
 24749 | D:12     | Noticed Kirke
 24755 | D:12     | Killed Kirke
 24773 | D:12     | Gained mutation: Your large and strong wings let you fly.
                  | [Black Draconian growth]
 24773 | D:12     | Reached XP level 14. HP: 120/121 MP: 22/22
 25241 | D:12     | Noticed Snorg
 25250 | D:12     | Killed Snorg
 25392 | D:12     | Reached skill level 15 in Necromancy
 25983 | D:13     | Noticed Sonja
 25987 | D:13     | Killed Sonja
 26118 | D:13     | Paralysed by a centaur for 4 turns
 26618 | D:13     | Reached skill level 5 in Dodging
 26809 | D:13     | Found a runed translucent door.
 27208 | D:13     | Noticed a tengu reaver
 27221 | D:13     | Killed a tengu reaver
 27469 | D:14     | Reached skill level 15 in Shields
 27686 | D:14     | Found a radiant altar of Vehumet.
 27986 | D:14     | Found a gate to the Vaults.
 28233 | D:14     | Found an opulent altar of Gozag.
 28321 | D:15     | Entered Level 15 of the Dungeon
 28840 | D:15     | Found a staircase to the Depths.
 29128 | D:15     | Reached XP level 15. HP: 67/124 MP: 22/22
 29372 | D:15     | Found a runed translucent gate.
 29373 | D:15     | Found a runed translucent gate.
 29378 | D:15     | Found a stormy altar of Qazlal.
 29385 | D:15     | Found a runed translucent gate.
 29386 | D:15     | Noticed Xiynir's ghost (adept VSSh)
 29533 | D:15     | Reached skill level 10 in Dodging
 29970 | Snake:1  | Entered Level 1 of the Snake Pit
 31071 | Snake:2  | Found Bahas's One-of-a-Kind Rings.
 31077 | Snake:2  | Reached skill level 16 in Necromancy
 31083 | Snake:2  | Bought the ring of Fragile Peace {rPois rF+ rN+ Dex+3} for
                  | 756 gold pieces
 31918 | Snake:3  | Noticed Agnes
 31930 | Snake:2  | Killed Agnes
 32380 | Snake:3  | Found Rasifum's Assorted Antiques.
 32388 | Snake:3  | Bought a potion of heal wounds for 160 gold pieces
 32388 | Snake:3  | Bought a potion of might for 128 gold pieces
 32388 | Snake:3  | Bought a scroll of teleportation for 96 gold pieces
 32388 | Snake:3  | Bought a scroll of teleportation for 96 gold pieces
 32406 | Snake:3  | Identified the +0 robe of Optimism {rPois rN+ Dex-2 SInv}
 32411 | Snake:3  | Reached skill level 5 in Translocations
 32674 | Snake:3  | Learned a level 2 spell: Lesser Beckoning
 32878 | Snake:4  | Entered Level 4 of the Snake Pit
 32893 | Snake:4  | Found a runed translucent gate.
 32893 | Snake:4  | Found a runed translucent gate.
 32914 | Snake:4  | Found a runed translucent gate.
 32915 | Snake:4  | Noticed Kemp's ghost (adept MiMo)
 33003 | Snake:4  | Killed Kemp's ghost
 33084 | Snake:4  | Found Wuteso's General Store.
 33092 | Snake:4  | Bought a potion of curing for 54 gold pieces
 33277 | Snake:4  | Found Lauxelurgh's Armour Boutique.
 33277 | Snake:4  | Found Gyn Hoym's Magic Scroll Shop.
 33278 | Snake:4  | Found Wyemyif's Armour Shop.
 33280 | Snake:4  | Found Eleosm's Antique Armour Boutique.
 33295 | Snake:4  | Reached skill level 17 in Necromancy
 33322 | Snake:4  | Bought a pair of embroidered gloves for 292 gold pieces
 33337 | Snake:4  | Bought a scroll of enchant weapon for 105 gold pieces
 33428 | Snake:4  | Reached XP level 16. HP: 136/139 MP: 21/23
 34213 | Snake:4  | Reached skill level 15 in Long Blades
 34625 | Snake:4  | Got a serpentine rune of Zot
 34865 | Swamp:1  | Entered Level 1 of the Swamp
 35021 | Swamp:1  | Identified the +1 robe of the Tarantula {+Inv}
 35301 | Swamp:1  | Identified the +0 hand axe "Spiderbane" {drain, rElec rPois
                  | rN+ MP+9}
 35760 | Swamp:2  | Noticed Louise
 35779 | Swamp:2  | Killed Louise
 35997 | Swamp:2  | You are sucked into a shaft and drop 1 floor!
 36217 | Swamp:3  | Noticed a kraken
 36229 | Swamp:3  | Killed a kraken
 36280 | Swamp:3  | Reached XP level 17. HP: 140/150 MP: 13/24
 36285 | Swamp:3  | Acquired the +0 hat of Sin {rN+ Dex+3}
 37083 | Swamp:4  | Entered Level 4 of the Swamp
 37268 | Swamp:4  | Noticed a tentacled monstrosity
 37278 | Swamp:4  | Killed a tentacled monstrosity
 37480 | Swamp:4  | Noticed Mara
 37481 | Swamp:4  | Noticed Shard1697's illusion
 37495 | Swamp:4  | Killed Mara
 38327 | Swamp:4  | Noticed a bone dragon
 38352 | Swamp:4  | Killed a bone dragon
 38360 | Swamp:4  | Got a decaying rune of Zot
 38969 | Vaults:1 | Entered Level 1 of the Vaults
 39550 | Vaults:1 | You are sucked into a shaft and drop 1 floor!
 39985 | Vaults:1 | Reached skill level 18 in Necromancy
 40003 | Vaults:1 | Paralysed by a sphinx for 5 turns
 40476 | Vaults:1 | Reached XP level 18. HP: 162/162 MP: 27/27
 40477 | Vaults:1 | Reached XP level 19. HP: 169/169 MP: 28/28
 40487 | Vaults:1 | Learned a level 8 spell: Borgnjor's Revivification
 40735 | Vaults:2 | Noticed a golden dragon
 40736 | Vaults:2 | Reached skill level 19 in Necromancy
 40751 | Vaults:2 | Killed a golden dragon
 40775 | Vaults:2 | Reached XP level 20. HP: 100/177 MP: 6/29
 40991 | Vaults:2 | Paralysed by a sphinx for 4 turns
 41862 | Vaults:2 | Reached skill level 10 in Spellcasting
 42104 | Vaults:2 | Found a staircase to the Crypt.
 42104 | Vaults:2 | Found an ancient bone altar of Kikubaaqudgha.
 42105 | Vaults:2 | Found a basalt altar of Yredelemnul.
 42399 | Vaults:3 | Reached skill level 20 in Necromancy
 42707 | Vaults:3 | Identified the staff "Killer Klown's Bane" {rPois MP+9
                  | Str+2 Poison}
 42866 | Vaults:3 | Found the +6 arbalest "Damnation" {damnation}
 42922 | Vaults:3 | Identified the +5 kite shield "Ipobb" {rF+}
 42922 | Vaults:3 | Noticed Donald
 42944 | Vaults:3 | Killed Donald
 43241 | Vaults:3 | Acquired the ring "Joorphul" {+Blink Str+6 SInv}
 44321 | Vaults:4 | Learned a level 9 spell: Death's Door
 44583 | Vaults:4 | Reached skill level 21 in Necromancy
 44893 | Vaults:4 | Reached XP level 21. HP: 183/183 MP: 32/33
 45239 | Elf:1    | Entered Level 1 of the Elven Halls
 45282 | Elf:1    | Found a magical portal.
 45283 | Elf:1    | Found Ituqix's Assorted Antiques.
 45287 | WizLab   | Entered Cigotuvi's Fleshworks
 45433 | Elf:1    | Bought a scroll of blinking for 172 gold pieces
 45433 | Elf:1    | Bought a potion of might for 92 gold pieces
 45561 | Elf:1    | Reached skill level 22 in Necromancy
 45800 | Elf:1    | Found Astro's Antique Weapon Shoppe.
 45922 | Elf:1    | Found Riklip's Antique Weapon Boutique.
 45963 | Elf:1    | Bought a brightly glowing scimitar for 198 gold pieces
 45963 | Elf:1    | Identified the +7 scimitar of Evisceration {freeze, MP+9
                  | Str+3} (You bought it in a shop on level 1 of the Elven
                  | Halls)
 46136 | Elf:1    | Found Pajirona's Antique Armour Shoppe.
 46634 | Elf:2    | Found Vacohurgh's Magic Scroll Shoppe.
 46643 | Elf:2    | Bought a scroll of enchant weapon for 120 gold pieces
 46643 | Elf:2    | Bought a scroll of blinking for 120 gold pieces
 46643 | Elf:2    | Bought a scroll of blinking for 120 gold pieces
 46643 | Elf:2    | Bought a scroll of enchant weapon for 120 gold pieces
 46645 | Elf:2    | Bought a scroll of teleportation for 48 gold pieces
 46691 | Elf:2    | Found a huge runed translucent gate.
 46691 | Elf:2    | Found a huge runed translucent gate.
 46691 | Elf:2    | Found a huge runed translucent gate.
 46694 | Elf:2    | Found a huge runed translucent gate.
 46695 | Elf:2    | Found a huge runed translucent gate.
 47323 | Elf:2    | Reached skill level 23 in Necromancy
 47749 | Elf:3    | Entered Level 3 of the Elven Halls
 48722 | Elf:3    | Identified the +9 shortbow of Inconvenience {flame, +Blink
                  | Dex+4}
 48749 | Elf:3    | Reached skill level 24 in Necromancy
 49098 | Elf:3    | Noticed Bai Suzhen
 49101 | Elf:3    | Identified the ring of Beogh's Castigation {Ice Will+ Str-4
                  | Int+8}
 49133 | Elf:3    | Killed Bai Suzhen
 49367 | Elf:3    | Identified the ring of the Hero {rC- MP+9 Int+6 SInv}
 49747 | Depths:1 | Entered Level 1 of the Depths
 49969 | Depths:1 | Identified the +5 short sword "Coumeler" {flame, Fly rN+}
 49972 | Depths:1 | Found Akiwkyff's Overcharged Wands.
 50022 | Depths:1 | Found Hadecw's Magic Scroll Shoppe.
 50030 | Depths:1 | Bought a scroll of fear for 88 gold pieces
 50030 | Depths:1 | Bought a scroll of teleportation for 66 gold pieces
 50030 | Depths:1 | Bought a scroll of teleportation for 66 gold pieces
 50030 | Depths:1 | Bought a scroll of teleportation for 66 gold pieces
 50030 | Depths:1 | Found Umim's Armour Shoppe.
 50186 | Depths:1 | Found a one-way gateway to a ziggurat.
 50270 | Depths:1 | Found a gateway to Hell.
 50391 | Depths:1 | Reached XP level 22. HP: 170/191 MP: 34/34
 51300 | Snake:4  | Bought a scroll of teleportation for 42 gold pieces
 51300 | Snake:4  | Bought a scroll of blinking for 105 gold pieces
 51641 | Depths:1 | Reached skill level 25 in Necromancy
 51665 | Depths:2 | Found a one-way gate leading to the halls of Pandemonium.
 51682 | Depths:2 | Identified the ring "Ehiahe" {rElec MP+9 Str-4 Slay+2 SInv}
 51692 | Depths:2 | Noticed a juggernaut
 51695 | Depths:2 | Paralysed by a floating eye for 3 turns
 51700 | Depths:2 | Noticed a caustic shrike
 51702 | Depths:2 | Paralysed by a floating eye for 2 turns
 51707 | Depths:2 | Paralysed by a floating eye for 2 turns
 51710 | Depths:2 | Noticed the Enchantress
 52065 | Depths:2 | Killed a caustic shrike
 52086 | D:15     | Paralysed by something for 2 turns
 52383 | Depths:1 | Killed the Enchantress
 52449 | Depths:2 | Paralysed by a floating eye for 4 turns
 52479 | Depths:1 | HP: 3/186 [spriggan defender/+1 quick blade of
                  | protection[the Enchantress] (7)]
 52766 | D:15     | Killed a juggernaut
 52878 | Depths:2 | Paralysed by a floating eye for 4 turns
 52888 | Depths:1 | Reached skill level 26 in Necromancy
 52944 | Depths:1 | Reached skill level 15 in Fighting
 53590 | Depths:2 | Found the ring of the Octopus King {HP+2 MP+9 AC+2 EV+2
                  | SH+2}
 53809 | Depths:2 | Identified the +3 troll leather armour of Ylaexami {Drain
                  | Will+ Regen+ Dex+7 Stlth+}
 53884 | Depths:2 | Identified the +1 rapier "Beetlebane" {heavy, Drain Str-5
                  | Dex+6 Stlth+}
 54252 | Depths:2 | Identified the staff "Buyhor" {rC+ Will+ Ice}
 54946 | Depths:3 | Found a flickering gateway to a bazaar.
 54966 | Bazaar   | Entered a bazaar
 54966 | Bazaar   | Found Pextoget's Antique Weapon Shop.
 54966 | Bazaar   | Found Tinymets's Antique Armour Shop.
 55061 | Bazaar   | Found Okatoxt's Distillery.
 55072 | Bazaar   | Found Jugila's General Store.
 55080 | Bazaar   | Found Meinutz's Book Boutique.
 55120 | Bazaar   | Bought a potion of heal wounds for 85 gold pieces
 55120 | Bazaar   | Bought a potion of heal wounds for 85 gold pieces
 55120 | Bazaar   | Bought a potion of attraction for 51 gold pieces
 55120 | Bazaar   | Bought 2 potions of heal wounds for 170 gold pieces
 55120 | Bazaar   | Bought a potion of curing for 51 gold pieces
 55131 | Bazaar   | Bought a potion of curing for 30 gold pieces
 55131 | Bazaar   | Bought a scroll of fear for 40 gold pieces
 55131 | Bazaar   | Bought a potion of curing for 30 gold pieces
 55723 | Depths:3 | Noticed a caustic shrike
 55724 | Depths:3 | Noticed a caustic shrike
 55726 | Depths:3 | Noticed a caustic shrike
 55726 | Depths:3 | Noticed a caustic shrike
 55727 | Depths:3 | Noticed a caustic shrike
 55730 | Depths:3 | Noticed a caustic shrike
 55736 | Depths:3 | Killed a caustic shrike
 55737 | Depths:3 | Noticed a caustic shrike
 55740 | Depths:3 | Killed a caustic shrike
 55744 | Depths:3 | Killed a caustic shrike
 55751 | Depths:3 | Killed a caustic shrike
 55759 | Depths:3 | Killed a caustic shrike
 55761 | Depths:3 | Killed a caustic shrike
 55762 | Depths:3 | Reached XP level 23. HP: 112/178 MP: 4/35
 56118 | Depths:3 | Reached skill level 27 in Necromancy
 56340 | Depths:3 | Found a transporter.
 56361 | Depths:3 | Found a transporter.
 56363 | Depths:3 | Found a transporter.
 56365 | Depths:3 | Found a transporter.
 56852 | Depths:4 | Entered Level 4 of the Depths
 57075 | Depths:4 | Found a glowing silver altar of Zin.
 57672 | Depths:4 | Found a gate to the Realm of Zot.
 58359 | Depths:4 | Found Ovasm's Jewellery Emporium.
 58362 | Depths:4 | Found Tigis's Book Boutique.
 58363 | Depths:4 | Found Dyros's Jewellery Emporium.
 58381 | Depths:4 | Bought the ring of the Mage {Wiz Archmagi} for 561 gold
                  | pieces
 58381 | Depths:4 | Found the ring of the Mage {Wiz Archmagi}
 59604 | Vaults:4 | Noticed Zenata
 59984 | Vaults:4 | Identified the amulet of Beemit {Spirit Int+3}
 60284 | Vaults:4 | Killed Zenata
 60830 | Vaults:4 | Got the Spellbook of the Blasted Welkin
 60886 | Vaults:5 | Entered Level 5 of the Vaults
 61317 | Vaults:5 | Reached skill level 15 in Dodging
 61569 | Vaults:5 | Reached XP level 24. HP: 111/198 MP: 27/35
 61948 | Vaults:5 | Noticed an ancient lich
 61961 | Vaults:5 | Killed an ancient lich
 62216 | Vaults:5 | Identified the +4 lajatang of Hiteal {flame, rElec}
 62637 | Vaults:5 | Got a silver rune of Zot
 63258 | Zot:1    | Entered Level 1 of the Realm of Zot
 63643 | Zot:2    | Noticed an orb of fire
 63777 | Zot:1    | Killed an orb of fire
 63798 | Zot:2    | Noticed an orb of fire
 63988 | Zot:2    | Killed an orb of fire
 64658 | Zot:5    | Entered Level 5 of the Realm of Zot
 65477 | Zot:5    | Noticed a dread lich
 65481 | Zot:5    | Noticed a Killer Klown
 65483 | Zot:5    | Noticed an orb of fire
 65634 | Zot:4    | Gained mutation: Your body sometimes deteriorates upon
                  | taking damage. [an orb of fire]
 65640 | Zot:4    | Gained mutation: You have hidden genetic defects. [an orb
                  | of fire]
 65642 | Zot:4    | Killed an orb of fire
 65737 | Zot:4    | Reached XP level 25. HP: 58/213 MP: 26/36
 66272 | Zot:5    | Noticed an orb of fire
 66285 | Zot:5    | Gained mutation: Your spells are a little easier to cast,
                  | but a little less powerful. [an orb of fire]
 66298 | Zot:5    | Killed an orb of fire
 66461 | Zot:5    | Killed a dread lich
 66464 | Zot:5    | Gained mutation: Your spells are easier to cast, but less
                  | powerful. [hidden defects]
 66549 | Zot:5    | Reached skill level 15 in Spellcasting
 66849 | Zot:5    | Noticed an ancient lich
 66853 | Zot:5    | Killed an ancient lich
 66889 | Zot:5    | Killed a dread lich
 66930 | Zot:5    | Got the Orb of Zot
 67137 | Depths:3 | Gained mutation: Your magical capacity is very low. (-20%
                  | MP) [hidden defects]
 67137 | Depths:3 | Lost mutation: You have hidden genetic defects. [hidden
                  | defects expressed]
 67299 | D:15     | Noticed Kiloari the pandemonium lord
 67323 | D:15     | Killed Kiloari the pandemonium lord
 67429 | D:11     | Noticed Recw the pandemonium lord
 67443 | D:11     | Killed Recw the pandemonium lord
 67645 | D:4      | Noticed Aphuiplu the pandemonium lord
 67720 | D:$      | Escaped with the Orb!

Illustrated notes

Levels and vault maps discovered:
D:1:      dpeg_arrival_fog, layout_loops_ring, minivault_19, st_stairs_4
D:2:      layout_rooms, minmay_hexomino_f4, uniq_jessica
D:3:      layout_basic, uniq_natasha, uniq_sigmund
D:4:      layout_cave_pods, serial_shops, nicolae_shop_crystal,
          reono_crystal_passage, uniq_duvessa, uniq_robin
D:5:      layout_cave_pods
D:6:      layout_basic, ebering_ghost_sewer_d, minmay_misc_feat_nine_boxes,
          dreamdust_mushroom_princess, uniq_eustachio
D:7:      layout_loops_ring, mainiacjoe_overflow_alcove_2,
          lemuel_temple_firewalk_b
D:8:      layout_basic, grunt_temple_overflow_gold_and_silver,
          grunt_temple_overflow_open, minmay_lizard_king
D:9:      layout_stronghold, lemuel_coloured_pillars_altar, lair_entry_dummy,
          serial_shops, nicolae_shop_stone,
          nicolae_concentric_dashed_squares_mild, nicolae_transporter_circle
D:10:     layout_loops_ring, gammafunk_ghost_abyssal_escape, enter_bailey_3
D:11:     layout_grid_maze, zombieorc2_lemuel
D:12:     layout_grid_maze, uniq_kirke, uniq_josephine, uniq_snorg
D:13:     layout_cave_pools, chequers_avenue, lightli_airlock, uniq_sonja
D:14:     layout_big_octagon, erik_vaults_2, grunt_gozag_statues, minivault_15,
          dreamdust_wishing_well, nicolae_vehumet_altar_sigil
D:15:     gammafunk_depths_entry_grave, layout_rooms,
          nicolae_qazlal_eye_of_the_storm, gammafunk_ghost_icy, st_stairs_12
Temple:   hellmonk_temple_divided_pantheon
Lair:1:   layout_misc_corridors, uniq_gastronok
Lair:2:   layout_cellular_growth, nicolae_swamp_entry_splash_gauntlet,
          guppyfry_snake_entry_garden, minmay_holes
Lair:3:   layout_regular_city, grunt_megastairs_4
Lair:4:   layout_cave_pods, nicolae_slime_entry_field_trip
Lair:5:   wormcave, layout_cave_pods, basic_altar, portal_ice_cave_rime,
          nzn_ghost_randoct, grunt_megastairs_2, infiniplex_staircase_pool_2,
          lemuel_fruit_tree
Swamp:1:  layout_basic_swamp, evilmike_swamp_ruin_house_6
Swamp:2:  layout_basic_swamp, evilmike_swamp_ruin_house_1, swamp_pool1,
          uniq_louise
Swamp:3:  layout_basic_swamp, nicolae_swamp_fairy_circle, swamp_pool3,
          nicolae_swamp_thats_no_hydra
Swamp:4:  swamp_pestilence, layout_basic_swamp, evilmike_swamp_ruin_rubble_2,
          nicolae_swamp_dragon_and_kin, uniq_mara
Snake:1:  layout_grid_maze
Snake:2:  layout_misc_corridors, nicolae_shop_unique_rings
Snake:3:  layout_misc_corridors, serial_shops, shop, grunt_ministairs_6,
          serial_bayou_shore_b, serial_bayou_shore_b, uniq_agnes
Snake:4:  grunt_snake_rune_pools, layout_chambers, ebering_ghost_rock_garden,
          serial_shops, nicolae_shop_competitors_out_of_business,
          minmay_shoptagon
Orc:1:    layout_caves, nicolae_orc_lava_tube, nooodl_orcs_dogs
Orc:2:    st_orc_town, layout_diamond_mine, serial_shops,
          nicolae_shop_overgrown_old_shop, shop_statue, shop,
          nicolae_shop_rolled_up, basic_altar
Elf:1:    layout_loops_ring, mu_enter_wizlab_1, serial_shops, shop,
          nicolae_shop_temple_entry_statues_fountains,
          nicolae_shop_window_shopping, shop, minmay_elf_demonology,
          lemuel_flamethrower_3
Elf:2:    elven_hall_of_blades_hangedman_alternative
          [nicolae_blade_entry_antechamber], layout_rooms, serial_shops, shop
Elf:3:    grunt_elf_hall_asides, layout_geoelf_diagonals, uniq_bai_suzhen
Vaults:1: nicolae_vaults_holding_cells, nicolae_vaults_mini_display_case,
          nicolae_vaults_door_testing_chamber, vaults_mumra_hexcomb, v_misc_22,
          v_misc_9, nicolae_vaults_little_squares_3, vaults_mumra_hex,
          v_pattern_3, nicolae_vaults_cochlea, vaults_dpeg_ring,
          layout_vaults_omnigrid
Vaults:2: minmay_crypt_entry_necro_gods, nicolae_vaults_tangram_1,
          nicolae_vaults_three_branches, nicolae_vaults_apartment_1,
          hangedman_vaults_corner_blocks, nicolae_vaults_trapezoid_2,
          nicolae_vaults_storage_closets_3, nicolae_vaults_tangram_1,
          hangedman_vaults_stretched_pinwheel, nicolae_vaults_tangram_2,
          v_misc_30, nicolae_vaults_little_squares_6,
          nicolae_vaults_whirlpool_walls, nicolae_vaults_closet_pinwheel_1,
          nicolae_vaults_trapezoid_1, layout_vaults_ring
Vaults:3: vaults_room_hangedman_quadrants, nicolae_vaults_double_plus_1,
          nicolae_vaults_little_squares_5, nicolae_vaults_yaktaur_gun_rack,
          nicolae_vaults_tetromino_L_2, nicolae_vaults_house_3, v_misc_11,
          nicolae_vaults_prndl, ontoclasm_vaults_gateway,
          nicolae_vaults_six-pack, ontoclasm_vaults_twist,
          layout_vaults_omnicross, uniq_donald
Vaults:4: nicolae_vaults_two_Ls, nicolae_vaults_lightning_bolt, v_misc_10,
          nicolae_vaults_ellipses_ellipsis, st_greater_box_4,
          nicolae_vaults_storage_closets_2, nicolae_vaults_double_plus_1,
          v_rooms_3, nicolae_vaults_heist, nicolae_vaults_trapezoid_4,
          v_misc_27, v_misc_23, vaults_dpeg_cross,
          nicolae_vaults_layer_cake_slice, layout_vaults_maze, uniq_zenata
Vaults:5: serial_shops
Depths:1: layout_cave_shapes, enter_ziggurat_d, grunt_mini_vestibule,
          nicolae_shop_overcharged_wands, minmay_shop_star, grunt_megastairs_3
Depths:2: minmay_the_grid_square_5x5_5x5_mashed
          [minmay_the_grid_square_5x5_checkered_statues,
          minmay_the_grid_square_5x5_spiral,
          minmay_the_grid_square_5x5_inverted_slash,
          minmay_the_grid_square_5x5_plus, minmay_the_grid_square_5x5_percent,
          minmay_the_grid_square_5x5_almost_minimal,
          minmay_the_grid_square_5x5_prize_deathbox,
          minmay_the_grid_square_5x5_one_wall,
          minmay_the_grid_square_5x5_prize_pseudospiral,
          minmay_the_grid_square_5x5_empty,
          minmay_the_grid_square_5x5_misaligned,
          minmay_the_grid_square_5x5_two_walls_b,
          minmay_the_grid_square_5x5_prize_snowflake,
          minmay_the_grid_square_5x5_detours,
          minmay_the_grid_square_5x5_minivault,
          minmay_the_grid_square_5x5_inner_i,
          minmay_the_grid_square_5x5_prize_open,
          minmay_the_grid_square_5x5_three,
          minmay_the_grid_square_5x5_prize_monsterx,
          minmay_the_grid_square_5x5_tetrominoes,
          minmay_the_grid_square_5x5_half_checkered,
          minmay_the_grid_square_5x5_six_small, minmay_the_grid_square_5x5_comb,
          minmay_the_grid_square_5x5_fat_x,
          minmay_the_grid_square_5x5_eight_small], layout_long_grid,
          infiniplex_staircase_spiral, hell_entry, rand_demon_pan_entry_4,
          minmay_fire_ice_demons, uniq_enchantress
Depths:3: grunt_deathspiral_small, layout_cave_pools,
          nicolae_abyss_entry_one_way_or_another, serial_shops, bzr_entry_water,
          pf_vacation_house_of_asmodeus, nicolae_diode_quadrants,
          infiniplex_staircase_star
Depths:4: grunt_zot_entry_tricorne, layout_basic, pf_coc_iceberg, zin_angel,
          minmay_shop_grove
Zot:1:    layout_gridlike, grunt_megastairs_5
Zot:2:    layout_cathedral_of_symmetry, hangedman_elemental_grid_stream,
          uniq_parghit
Zot:3:    layout_twisted_circle
Zot:4:    layout_misc_corridors
Zot:5:    layout_gridlike

Skill      XL: |  1  2  3  4  5  6  7  8  9 10 11 12 13 14 15 16 17 18 19 20 21 22 23 24 25 |
---------------+----------------------------------------------------------------------------+-----
Spellcasting   | 3 4 5 6 7 8 12 13 16 | 16.7
Necromancy     | 5 6 7 8 9 10 14 15 17 18 19 21 24 26 27 | 27.0
Short Blades   | 2 3 |  3.7
Shields        | 1 3 5 6 9 11 14 15 | 15.0
Long Blades    | 2 5 9 13 12 14 16 17 | 17.0
Fighting       | 3 7 10 11 13 14 17 20 22 | 22.8
Stealth        | 0 |  0.0
Earth Magic    | 1 4 |  4.0
Translocations | 2 5 |  5.0
Dodging        | 3 9 11 12 13 15 17 | 17.3

Action                     |  1- 3 |  4- 6 |  7- 9 | 10-12 | 13-15 | 16-18 | 19-21 | 22-24 | 25-27 || total
---------------------------+-------+-------+-------+-------+-------+-------+-------+-------+-------++-------
  Melee: Unarmed           |     6 |       |       |       |       |       |       |       |       ||     6
         Dagger            |     2 |       |       |       |       |       |       |       |       ||     2
         Tailslap          |     8 |     4 |    42 |   172 |   293 |   126 |   266 |   416 |    62 ||  1389
         Whip              |    24 |       |       |       |       |       |       |       |       ||    24
         Short sword       |     3 |    65 |   301 |   601 |    15 |    30 |       |       |       ||  1015
         Long sword        |       |       |       |   567 |   134 |       |       |       |       ||   701
         Demon blade       |       |       |       |       |  1210 |   556 |  1084 |  1656 |   192 ||  4698
   Cast: Necrotise         |    34 |    35 |    10 |       |       |       |       |       |       ||    79
         Animate Dead      |       |       |     6 |    40 |    20 |    13 |    18 |    38 |     3 ||   138
         Vampiric Draining |       |       |       |     3 |       |       |       |       |       ||     3
         Borgnjor's Vile C |       |       |       |     1 |     4 |     6 |    41 |    23 |     6 ||    81
         Death Channel     |       |       |       |       |    49 |    25 |    31 |    58 |     6 ||   169
         Anguish           |       |       |       |       |     3 |     1 |       |       |       ||     4
         Blink             |       |       |       |       |       |       |     1 |     4 |       ||     5
         Borgnjor's Revivi |       |       |       |       |       |       |       |     2 |       ||     2
         Death's Door      |       |       |       |       |       |       |       |     1 |       ||     1
         Lesser Beckoning  |       |       |       |       |       |       |       |     1 |       ||     1
 Invoke: Sacrifice Arcana  |       |       |       |     1 |       |       |       |       |       ||     1
         Sacrifice Experie |       |       |       |     1 |       |       |       |       |       ||     1
         Sacrifice Stealth |       |       |       |     1 |       |       |       |       |       ||     1
         Sacrifice Forms   |       |       |       |     1 |       |       |       |       |       ||     1
         Sacrifice Artific |       |       |       |     1 |       |       |       |       |       ||     1
         Sacrifice Essence |       |       |       |       |     1 |       |       |       |       ||     1
         Draw Out Power    |       |       |       |       |       |       |     1 |     2 |       ||     3
         Apocalypse        |       |       |       |       |       |       |       |     4 |       ||     4
Ability: Breathe Lightning |       |       |     1 |       |       |       |       |       |       ||     1
  Evoke: Wand              |       |     1 |       |     3 |       |       |       |       |       ||     4
    Use: Potion            |       |     1 |     3 |     8 |     3 |     2 |       |    11 |     9 ||    37
         Scroll            |       |       |    14 |    12 |    13 |     7 |     5 |    18 |     2 ||    71
   Stab: Sleeping          |       |     1 |     4 |       |       |       |       |       |       ||     5
         Paralysed         |       |     2 |       |     7 |     5 |       |     2 |    19 |       ||    35
         Invisible         |       |       |       |     8 |     8 |     1 |    13 |    35 |     3 ||    68
         Distracted        |       |       |       |    15 |    25 |    21 |    43 |    55 |     5 ||   164
         Petrified         |       |       |       |       |       |       |       |     6 |       ||     6
         Petrifying        |       |       |       |       |       |       |       |     1 |       ||     1
 Armour: Skin              |    22 |    24 |   111 |   422 |   321 |   139 |   189 |   354 |    35 ||  1617
  Dodge: Dodged            |    46 |    27 |   178 |   562 |   473 |   356 |   550 |   860 |    79 ||  3131
  Block: Buckler           |       |    10 |    87 |   178 |       |       |       |       |       ||   275
         Kite shield       |       |       |       |   468 |   824 |   462 |   722 |  1210 |   131 ||  3817

Table legend: (Time is in decaauts)
 A = Elapsed time spent in this place.
 B = Non-inter-level travel time spent in this place.
 C = Inter-level travel time spent in this place.
 D = Time resting spent in this place.
 E = Time spent auto-exploring this place.
 F = Levels seen in this place.
 G = Mean time per level.
                   A        B        C        D        E       F      G
               +--------+--------+--------+--------+--------+-----+--------+
         Total |  69276 |  64184 |   5092 |  14877 |  30930 |  52 | 1332.2 |
       Dungeon |  18798 |  16696 |   2102 |   4161 |   8423 |  15 | 1253.2 |
        Temple |     38 |     29 |      9 |      0 |      0 |   1 |   38.0 |
          Lair |   7276 |   6813 |    463 |    795 |   4118 |   5 | 1455.2 |
         Swamp |   4030 |   3829 |    201 |    781 |   1950 |   4 | 1007.5 |
     Snake Pit |   5195 |   4835 |    360 |    396 |   3097 |   4 | 1298.8 |
  Orcish Mines |   4636 |   4372 |    264 |   1331 |   1701 |   2 | 2318.0 |
   Elven Halls |   4350 |   4227 |    123 |   1194 |   1789 |   3 | 1450.0 |
        Vaults |  10727 |  10139 |    588 |   1969 |   5308 |   5 | 2145.4 |
        Depths |   8134 |   7330 |    804 |   1502 |   3833 |   4 | 2033.5 |
           Zot |   3779 |   3606 |    173 |   1885 |    341 |   5 |  755.8 |
        Bazaar |    181 |    181 |      0 |      0 |    134 |   1 |  181.0 |
        Bailey |    648 |    648 |      0 |    229 |      0 |   1 |  648.0 |
      Ice Cave |   1411 |   1411 |      0 |    632 |    214 |   1 | 1411.0 |
        Wizlab |     67 |     67 |      0 |      0 |     19 |   1 |   67.0 |
               +--------+--------+--------+--------+--------+-----+--------+

Top non-repeatable levels by time:
Vaults:4: 3012 daAuts
   Orc:2: 2783 daAuts
Depths:1: 2711 daAuts
Depths:3: 2362 daAuts
Vaults:3: 2338 daAuts
 Snake:4: 1947 daAuts
Vaults:1: 1910 daAuts
   Zot:5: 1855 daAuts
   Orc:1: 1853 daAuts
Vaults:5: 1822 daAuts
    D:12: 1768 daAuts
    D:15: 1759 daAuts
  Lair:3: 1711 daAuts
  Lair:2: 1680 daAuts
   Elf:3: 1669 daAuts
